 Dungeon Crawl Stone Soup version 0.21.1-1-g345015f (webtiles) character file.

121 twistedcrescendo the Stinger (level 5, 0/31 HPs)
             Began as an Octopode Venom Mage on June 15, 2018.
             Slain by an orc wizard
             ... wielding a +0 dagger
              (3 damage)
             ... on level 3 of the Dungeon on June 16, 2018.
             The game lasted 00:32:34 (3153 turns).

twistedcrescendo the Stinger (Octopode Venom Mage)  Turns: 3153, Time: 00:32:34

Health: 0/31       AC:  1    Str:  7    XL:     5   Next: 5%
Magic:  4/9        EV: 13    Int: 19    God:
Gold:   192        SH:  0    Dex: 12    Spells: 2/9 levels left

rFire    . . .     SeeInvis .   t - +2 short sword (speed)
rCold    . . .     Gourm    .   (no shield)
rNeg     . . .     Faith    .   (helmet restricted)
rPois    .         Spirit   .   (no amulet)
rElec    .         Reflect  .   f - ring of resist corrosion
rCorr    +         Harm     .   (no ring)
MR       .....                  (no ring)
Stlth    +++.......             (no ring)
HPRegen  0.10/turn              (no ring)
MPRegen  0.11/turn              (no ring)
                                (no ring)
                                (no ring)

@: no status effects
A: almost no armour, stealthy swim, amphibious, 8 rings, constrict 8, camouflage
1, gelatinous body 1
a: no special abilities


You were on level 3 of the Dungeon.
You were not hungry.

You visited 1 branch of the dungeon, and saw 3 of its levels.

You collected 192 gold pieces.

Inventory:

Hand Weapons
 m - a +0 mace
 r - a +0 short sword
 t - a +2 short sword of speed (weapon)
Missiles
 d - 7 javelins (quivered)
Jewellery
 f - a ring of resist corrosion (left tentacle)
Wands
 s - a wand of scattershot (5)
Scrolls
 e - a scroll of identify
 g - a scroll of fear {unknown}
 h - a scroll of immolation {unknown}
 i - a scroll of teleportation {unknown}
 k - a scroll of remove curse {unknown}
 n - a scroll of fog {unknown}
 o - 2 scrolls of enchant weapon {unknown}
Potions
 c - a potion of agility {unknown}
 l - a potion of curing {unknown}
 p - 2 potions of heal wounds {unknown}
Books
 a - a Young Poisoner's Handbook

   Spells                             Type                      Level
   a - Sting                          Conjuration/Poison           1
   b - Poisonous Vapours              Poison/Air                   2
   c - Mephitic Cloud                 Conjuration/Poison/Air       3
   d - Olgreb's Toxic Radiance        Poison                       4
   e - Venom Bolt                     Conjuration/Poison           5
Comestibles
 b - 13 rations
 q - 3 chunks of flesh


   Skills:
 + Level 2.0 Dodging
 * Level 3.1 Stealth
 + Level 2.6 Spellcasting
 + Level 1.6 Conjurations
 * Level 0.9 Air Magic
 * Level 5.5 Poison Magic


You had 2 spell levels left.
You knew the following spells:

 Your Spells              Type           Power        Failure   Level  Hunger
a - Sting                 Conj/Pois      ###.         3%          1    None
b - Poisonous Vapours     Pois/Air       ##....       6%          2    ##.....
c - Olgreb's Toxic Radia  Pois           ###.....     16%         4    ####...


Dungeon Overview and Level Annotations

Branches:
Dungeon (3/15)

Altars:
Okawaru


Innate Abilities, Weirdness & Mutations

You cannot wear most types of armour.
You are very stealthy in the water. (Stealth+)
You are amphibious.
You can wear up to eight rings at the same time.
You can use your tentacles to constrict eight enemies at once.
Your skin changes colour to match your surroundings (Stealth+).
Your rubbery body absorbs attacks. (AC +1, EV +1)


Message History

The sting hits the orc wizard.
The orc wizard looks even sicker.
The orc wizard is heavily wounded.
The orc wizard hits you with a dagger.
The orc hits you from afar with a trident.
The orc wizard hits you with a dagger.
You see here 2 scrolls of random uselessness.
The orc wizard completely misses you. The orc wizard casts a spell at you.
The magic dart hits you!
* * * LOW HITPOINT WARNING * * *
Casting: Sting
Confirm with . or Enter, or press ? or * to list all spells.
Aiming: Sting
Press: ? - help, Shift-Dir - straight line, f/p - orc wizard
Aim: an orc wizard, wielding a dagger and wearing a robe (severely wounded, fast, poisoned)
The sting hits the orc wizard.
The orc wizard appears unharmed.
The orc wizard is severely wounded.
The orc wizard barely misses you. The orc wizard hits you with a dagger.
You die...

+[...#.# #
#....#.# #
........#.#
#
..#..)..#.#
# #
#..####.# #
#.. #.# #
#.. #.# #
#. #.# #@#
#oo# #o#
#..# #o#
#oo# #.#
#..# #?#
#.Z# #.#
#..# #)#
#.#..####.#
#....o....#


You could see an orc wizard and an orc.

Vanquished Creatures
  A bullfrog skeleton (D:3)
  2 adders
  A dart slug (D:1)
  A leopard gecko (D:2)
  5 orcs (D:3)
  3 ball pythons (D:1)
  9 bats
  A giant cockroach (D:2)
  6 goblins
  8 hobgoblins
  6 jackals
  8 kobolds
  A quokka (D:3)
  2 frilled lizards (D:3)
  11 rats
65 creatures vanquished.

Notes
Turn   | Place    | Note
-------+----------+-------------------------------------------
     0 | D:1      | twistedcrescendo the Octopode Venom Mage began the quest for the Orb.
     0 | D:1      | Reached XP level 1. HP: 11/11 MP: 3/3
   150 | D:1      | Reached skill level 4 in Poison Magic
   212 | D:1      | Reached XP level 2. HP: 17/17 MP: 1/5
   925 | D:1      | Reached XP level 3. HP: 21/21 MP: 4/6
  1601 | D:1      | Learned a level 2 spell: Poisonous Vapours
  1845 | D:2      | Found an iron altar of Okawaru.
  2088 | D:2      | Reached XP level 4. HP: 27/27 MP: 4/7
  2519 | D:2      | Learned a level 4 spell: Olgreb's Toxic Radiance
  2700 | D:3      | Reached skill level 5 in Poison Magic
  3140 | D:3      | Reached XP level 5. HP: 24/31 MP: 9/9
  3153 | D:3      | Slain by an orc wizard

Skill      XL: |  1  2  3  4 |
---------------+-------------+-----
Poison Magic   | 4 5 |  5.5
Stealth        | 3 |  3.1
Dodging        | |  2.0
Spellcasting   | |  2.6
Conjurations   | |  1.6
Air Magic      | |  0.9

Action                   |  1- 3 |  4- 6 || total
-------------------------+-------+-------++-------
Melee: Unarmed           |    37 |     5 ||    42
       Constrict         |    10 |     3 ||    13
       Tentacles         |     5 |     2 ||     7
       Short sword       |       |     5 ||     5
 Cast: Sting             |    70 |    42 ||   112
  Use: Scroll            |     1 |     1 ||     2
  Eat: Chunk             |     4 |       ||     4
       Ration            |       |     1 ||     1
Armor: Skin              |     7 |     3 ||    10
Dodge: Dodged            |    45 |    14 ||    59
